 Dungeon Crawl Stone Soup version 0.32-a0-933-ga8fa3634e4 (webtiles) character file.

Game seed: 14555851870507581381

58 porpoise the Chopper (level 3, 0/28 HPs)
             Began as a Demonspawn Gladiator on Apr 15, 2024.
             Slain by Jessica
             ... wielding a +0 dagger
              (5 damage)
             ... on level 2 of the Dungeon.
             The game lasted 00:01:59 (839 turns).

porpoise the Chopper (Demonspawn Gladiator)          Turns: 839, Time: 00:01:59

Health: 0/28       AC:  4    Str: 16    XL:     3   Next: 75%
Magic:  3/3        EV: 11    Int:  8    God:
Gold:   53         SH:  0    Dex: 14    Spells: 2/2 levels left

rFire   . . .        a - +0 war axe
rCold   . . .        (no shield)
rNeg    . . .        b - +0 leather armour
rPois   .            c - +0 helmet
rElec   .            (no cloak)
rCorr   .            (no gloves)
SInv    .            (no boots)
Will    .....        (no amulet)
Stlth   +            (no ring)
HPRegen 0.24/turn    (no ring)
MPRegen 0.08/turn

%: no passive effects
@: no status effects
A: demonic guardian 1
a: no special abilities


You were on level 2 of the Dungeon.
You visited 1 branch of the dungeon, and saw 2 of its levels.

You collected 53 gold pieces.

Inventory:

Hand Weapons
 a - a +0 war axe (weapon)
 i - a +2 heavy hand axe
Missiles
 d - 4 throwing nets (quivered)
 e - a javelin
 k - 3 boomerangs
Armour
 b - a +0 leather armour (worn)
 c - a +0 helmet (worn)
Scrolls
 f - a scroll of poison {unknown}
 h - a scroll of blinking {unknown}
Potions
 g - a potion of cancellation {unknown}
 j - a potion of heal wounds {unknown}


   Skills:
 + Level 2.9 Fighting
 * Level 3.8 Axes
 - Level 1.7 Throwing
 - Level 2.6 Dodging


You had 2 spell levels left.
You didn't know any spells.
Your spell library contained the following spells:

 Spells                   Type           Power      Damage    Failure   Level
 Animate Dead             Necr           0%         N/A       99%         4
 Haunt                    Necr/Summ      0%         N/A       100%        7
 Infestation              Necr           0%         N/A       100%        8


Dungeon Overview and Level Annotations

Branches:
Dungeon (2/15)

Altars:

Annotations:
D:2 Jessica


Innate Abilities, Weirdness & Mutations

A weak demonic guardian rushes to your aid.


Message History

* * * LOW HITPOINT WARNING * * *
Your shadow imp hits the ribbon worm.
You hit Jessica.
Jessica is lightly wounded.
You barely miss the ribbon worm. The bat closely misses you.
Jessica gestures at you while chanting.
You barely resist.
The ribbon worm bites you but does no damage.
The bat hits you but does no damage.
Your shadow imp hits the ribbon worm.
Jessica barely misses you.
You closely miss Jessica.
Jessica is lightly wounded.
You hit the bat. You hit the ribbon worm. The bat hits you but does no damage.
The ribbon worm misses you.
Your shadow imp hits the ribbon worm but does no damage.
Jessica mumbles some strange words.
Jessica blinks!
You hit the ribbon worm but do no damage.
The ribbon worm is heavily wounded.
You closely miss the bat. The bat hits you but does no damage.
The bat misses you.
Your shadow imp hits the ribbon worm.
The ribbon worm bites you.
* * * LOW HITPOINT WARNING * * *
You hit the ribbon worm.
The ribbon worm is severely wounded.
You barely miss the bat. The bat barely misses you.
Your shadow imp hits the ribbon worm.
The ribbon worm barely misses your shadow imp.
Your shadow imp hits the ribbon worm.
The ribbon worm expels a string of sticky webbing.
The stream of webbing hits your shadow imp but does no damage.
Your shadow imp is caught in a web!
Jessica casts a spell at you. You resist with some effort.
You hit the ribbon worm.
You kill the ribbon worm!
You hit Jessica but do no damage. The bat hits you but does no damage.
Your shadow imp tears the web.
Jessica hits you with a +0 dagger.
You die...

####.... ...# ........
.....# #......# .....#
.##.#.#..###.....#
......... #.....##
#......###.# #...
.##...#†@....###.###
......5@b..........#
.###.....##........#####
####..##....)........
...###........#####
###>. #........# #..
#........## #..
######+####.## #..# ....
#.##


You could see Jessica, a bat (ally target) and a friendly shadow imp (summoned).

Vanquished Creatures
  3 adders (D:2)
  A ribbon worm (D:2)
  3 endoplasms (D:1)
  A giant cockroach (D:1)
  A hobgoblin (D:2)
  A quokka (D:1)
  3 ball pythons (D:1)
  2 bats (D:1)
  4 frilled lizards (D:1)
  5 goblins
  5 kobolds
  2 rats
31 creatures vanquished.

Vanquished Creatures (collateral kills)
  A bat (D:1)
1 creature vanquished.

Grand Total: 32 creatures vanquished

Notes
Turn   | Place    | Note
-------+----------+-------------------------------------------
     0 | D:1      | porpoise the Demonspawn Gladiator began the quest for the
                  | Orb.
     0 | D:1      | Reached XP level 1. HP: 16/16 MP: 1/1
    93 | D:1      | Reached skill level 3 in Axes
   174 | D:1      | Gained mutation: A weak demonic guardian rushes to your
                  | aid. [demonic ancestry]
   174 | D:1      | Reached XP level 2. HP: 22/22 MP: 2/2
   605 | D:2      | Reached XP level 3. HP: 3/28 MP: 3/3
   675 | D:2      | Found a faded altar of an unknown god.
   826 | D:2      | Noticed Jessica
   839 | D:2      | Slain by Jessica

Illustrated notes

Levels and vault maps discovered:
D:1:      dpeg_arrival_tiny_k, layout_basic
D:2:      layout_basic, chequers_ecumenical_altar_simple, serial_corexii_hall,
          chequers_hall_statues_wall_a, corexii_hall_statues_i,
          corexii_hall_statues_t, corexii_hall_statues_t, minmay_misc_feat_chi,
          uniq_jessica

Skill      XL: |  1 |
---------------+----+-----
Axes           | 3 |  3.8
Fighting       | |  2.9
Throwing       | |  1.7
Dodging        | |  2.6

Action                     || total
---------------------------++-------
  Melee: War axe           ||    87
    Use: Potion            ||     1
 Armour: Leather armour    ||    74
  Dodge: Dodged            ||    73

Table legend: (Time is in decaauts)
 A = Elapsed time spent in this place.
 B = Non-inter-level travel time spent in this place.
 C = Inter-level travel time spent in this place.
 D = Time resting spent in this place.
 E = Time spent auto-exploring this place.
 F = Levels seen in this place.
 G = Mean time per level.
                   A        B        C        D        E       F      G
               +--------+--------+--------+--------+--------+-----+--------+
         Total |    867 |    841 |     26 |     63 |    562 |   2 |  433.5 |
       Dungeon |    867 |    841 |     26 |     63 |    562 |   2 |  433.5 |
               +--------+--------+--------+--------+--------+-----+--------+

Top non-repeatable levels by time:
     D:1: 587 daAuts
     D:2: 279 daAuts
